 Dungeon Crawl Stone Soup version 0.30-a0-637-gacddeb6d44 (webtiles) character file.

Game seed: 2433285456201590902

42220 Leeroy the Spry (level 14, -8/81 HPs)
             Began as a Tengu Warper on Jan 15, 2023.
             Was a High Priest of Hepliaklqana.
             Killed by divine providence
             ... invoked by a meliai
              (15 damage)
             ... on level 15 of the Dungeon.
             The game lasted 00:51:04 (18294 turns).

Leeroy the Spry (Tengu Warper)                     Turns: 18294, Time: 00:51:04

Health: -8/81      AC:  9    Str: 18    XL:     14   Next: 18%
Magic:  25/27      EV: 24    Int: 14    God:    Hepliaklqana [*****.]
Gold:   767        SH:  0    Dex: 18    Spells: 17/29 levels left

rFire   + . .      SeeInvis .    I - +11 dagger of the Common Good {spect, Will+}
rCold   + . .      Faith    .    (no shield)
rNeg    + . .      Spirit   .    U - +0 swamp dragon scales
rPois   +          Reflect  .    (helmet restricted)
rElec   .          Harm     .    s - scarf {rC+ rF+}
rCorr   .          Rampage  .    (no gloves)
Will    ++...                    (boots unavailable)
Stlth   ++++                     j - amulet of the acrobat
HPRegen 0.33/turn                R - +6 ring of strength
MPRegen 0.20/turn                X - ring of positive energy

@: about to teleport, on blink cooldown, flying quickly and evasively, quick
A: reduced essence, beak, talons 3, nimble flight
a: Renounce Religion, Recall Ancestor, Ancestor Identity, Transference, Idealise


You were on level 15 of the Dungeon.
You worshipped Hepliaklqana.
Hepliaklqana was extremely pleased with you.
You visited 3 branches of the dungeon, and saw 18 of its levels.
You also visited: Ossuary.

You collected 1543 gold pieces.
You spent 776 gold pieces at shops.

Inventory:

Hand Weapons
 a - a +6 great sword of freezing
 f - a +4 short sword of venom
 I - the +11 dagger of the Common Good (weapon) {spect, Will+}
   (You found it on level 4 of the Dungeon)

   Will:      It increases your willpower.
 V - a +4 scimitar of flaming
Missiles
 d - 9 boomerangs of dispersal
 y - a throwing net
 H - a silver boomerang (quivered)
 O - 46 poisoned darts
 P - 24 boomerangs
Armour
 s - a scarf of resistance (worn)
 v - a +2 chain mail of cold resistance
 w - a +1 cloak of willpower
 G - a +1 leather armour of willpower
 U - +0 swamp dragon scales (worn)
 Z - the +2 robe of Agoraphobia {Fly Str-3 Int+4 Dex+3}
   (You bought it in a shop on level 13 of the Dungeon)

   Str:       It affects your strength (-3).
   Int:       It affects your intelligence (+4).
   Dex:       It affects your dexterity (+3).
   Fly:       It grants you flight.
Jewellery
 b - a ring of ice
 j - an amulet of the acrobat (around neck)
 A - a ring of see invisible
 N - a +5 ring of evasion
 Q - an amulet of reflection
 R - a +6 ring of strength (left hand)
 S - a ring of protection from cold
 X - a ring of positive energy (right hand)
Wands
 e - a wand of flame (21)
 h - a wand of digging (3)
 m - a wand of paralysis (4)
 t - a wand of polymorph (18)
 T - a wand of iceblast (2)
Scrolls
 g - a scroll of brand weapon
 i - 2 scrolls of silence
 k - a scroll of poison
 n - a scroll of magic mapping
 o - a scroll of amnesia {unknown}
 F - 6 scrolls of teleportation
 J - 2 scrolls of vulnerability
 K - a scroll of torment {unknown}
 L - 2 scrolls of fog {unknown}
 Y - 2 scrolls of acquirement {unknown}
Potions
 l - 3 potions of flight {unknown}
 p - 7 potions of might
 q - 13 potions of curing
 u - 3 potions of lignification {unknown}
 x - 3 potions of haste {unknown}
 z - 2 potions of cancellation {unknown}
 B - 5 potions of brilliance {unknown}
 C - 3 potions of magic {unknown}
 D - a potion of resistance {unknown}
 E - 4 potions of mutation {unknown}
 M - 2 potions of attraction {unknown}
 W - a potion of berserk rage {unknown}


   Skills:
 - Level 11.1 Fighting
 * Level 11.9 Long Blades
 - Level 0.2(0.5) Axes
 - Level 0.4(0.5) Maces & Flails
 - Level 0.2(0.3) Polearms
 - Level 0.5 Ranged Weapons
 - Level 1.0 Throwing
 - Level 6.3 Armour
 - Level 15.2 Dodging
 - Level 9.0 Stealth
 - Level 0.4 Shields
 * Level 8.0 Spellcasting
 - Level 0.4 Conjurations
 - Level 0.1 Hexes
 - Level 0.2 Summonings
 - Level 0.1 Necromancy
 * Level 2.4 Translocations
 - Level 0.1 Transmutations
 - Level 0.1 Fire Magic
 - Level 0.5 Ice Magic
 - Level 0.1 Poison Magic


You had 17 spell levels left.
You knew the following spells:

 Your Spells              Type           Power      Damage    Failure   Level
a - Blink                 Tloc           24%        N/A       12%         2
b - Vhi's Electric Charg  Tloc/Air       18%        N/A       36%         3
c - Manifold Assault      Tloc           12%        N/A       61%         4
d - Teleport Other        Tloc           12%        N/A       24%         3

Your spell library contained the following spells:

 Spells                   Type           Power      Damage    Failure   Level
 Apportation              Tloc           24%        N/A       8%          1
 Foxfire                  Conj/Fire      24%        2x1d5     19%         1
 Magic Dart               Conj           24%        1d4       19%         1
 Momentum Strike          Conj/Tloc      18%        3d8       19%         2
 Lesser Beckoning         Tloc           24%        N/A       24%         3
 Searing Ray              Conj           12%        2d4       26%         2
 Ozocubu's Armour         Ice            7%         N/A       45%         3
 Passage of Golubria      Tloc           12%        N/A       61%         4
 Fulminant Prism          Conj/Hex       3%         3d5       88%         4
 Leda's Liquefaction      Hex/Erth       2%         N/A       90%         4
 Petrify                  Tmut/Erth      5%         N/A       90%         4
 Alistair's Intoxication  Tmut/Pois      3%         N/A       99%         5
 Fireball                 Conj/Fire      3%         3d4       99%         5
 Lee's Rapid Deconstruct  Erth           2%         3d5*      99%         5
 Metabolic Englaciation   Hex/Ice        3%         N/A       99%         5
 Silence                  Hex/Air        2%         N/A       99%         5
 Starburst                Conj/Fire      3%         6d3       100%        6
 Statue Form              Tmut/Erth      3%         N/A       100%        6
 Ozocubu's Refrigeration  Ice            3%         4d8       100%        7
 Lehudib's Crystal Spear  Conj/Erth      3%         10d2      100%        8


Dungeon Overview and Level Annotations

Branches:
Dungeon (15/15)            Temple (1/1) D:4            Lair (0/5) D:11
    Orc (2/2) D:10            Elf (0/3) Orc:2        Depths (0/4) D:15
Ossuary (visited)
 Vaults: D:13-14

Altars:
Ashenzari
Cheibriados
Dithmenos
Elyvilon
Fedhas
Gozag
Hepliaklqana
Kikubaaqudgha
Makhleb
Nemelex Xobeh
Okawaru
Qazlal
Ru
Sif Muna
Trog
Uskayaw
Vehumet
Wu Jian
Xom
Yredelemnul
Zin
The Shining One

Shops:
D:1 ?   D:7 :   D:9 :   D:13 [   D:14 ([*   Orc:2 [**(=

Portals:
Pandemonium: Orc:2

Annotations:
D:11 exclusion: oklob plant


Innate Abilities, Weirdness & Mutations

Your life essence is reduced to manifest your ancestor. (-10% HP)
You have a beak for a mouth.
You have claws for feet.
Your magical nature lets you fly swiftly and evasively.


Message History

Aim: a meliai, wielding a +0 hand axe and wearing a +0 leather armour The mass of ice explodes!
The iceblast engulfs the meliai!
The meliai is moderately wounded.
The iceblast engulfs the meliai!
The meliai is severely wounded.
The meliai completely misses you. The meliai hits you with a +0 hand axe.
The meliai hits Rabi with a +0 hand axe.
The meliai barely misses you.
The meliai mumbles some strange prayers to its god against you.
Something smites you!
Rabi hits the meliai with a +0 dagger of draining!
You barely miss the meliai. You claw the meliai, but do no damage.
The meliai is severely wounded.
Your +11 dagger of the Common Good {spect, Will+} hits the meliai.
The meliai closely misses you. The meliai barely misses you.
The meliai completely misses you.
The meliai invokes the aid of its god against you.
Something smites you!
* * * LOW HITPOINT WARNING * * *
Rabi closely misses the meliai.
Okay, then.
Okay, then.
It was a potion of curing.
You feel better.
The meliai hits you from afar with a +0 trident!
* * * LOW HITPOINT WARNING * * *
The meliai misses you.
The meliai hits Rabi with a +0 hand axe.
The meliai stings you!
* * * LOW HITPOINT WARNING * * *
The meliai closely misses you. x2; The meliai misses Rabi.
The meliai closely misses you. x2; The meliai completely misses you.
Rabi hits the meliai with a +0 dagger of draining!
The meliai dies!
Okay, then.
Casting: Teleport Other (dangerous; 24% risk of failure)
Confirm with . or Enter, or press ? or * to list all spells.
You blink.
The meliai barely misses Rabi.
The meliai stings Rabi.
The meliai invokes the aid of its god against you.
Something smites you!
You die...

#..........#
#.((.......#
####........##
#...........##
....[......yy##
#..§≈≈≈§§≈..R§#
#..≈≈≈§#≈≈≈≈.§.#
#.§≈#§≈§§§#≈§..#
.≈≈≈≈..C≈≈≈§.@#
≈≈≈.....≈§§..#
≈#≈..>..≈#≈..#
≈≈≈§.§§(≈≈≈.##
≈≈≈≈§§§§§≈§.#
§≈#≈.§§≈#≈≈.#
.≈≈≈§§§≈§§..
.§§..#


You could see the friendly Rabi the hexer, a fire giant and 2 meliai.

Vanquished Creatures
  Fannar (Orc:1)
  2 hydras (D:14)
  3 demonspawn (Orc:2)
  3 centaur warriors (D:14)
  4 boulder beetles
  2 two-headed ogres
  Urug (Orc:1)
  A tengu warrior (D:14)
  3 orc high priests (Orc:2)
  An iron troll (D:15)
  5 orc knights
  A wizard (D:14)
  A deep elf pyromancer (D:12)
  A manticore (D:12)
  7 orc sorcerers (Orc:2)
  4 cyclopes
  A guardian serpent (shapeshifter) (D:13)
  Maurice (D:9)
  A smoke demon (Orc:2)
  An orange demon (Orc:2)
  3 gargoyles
  A kobold demonologist (D:12)
  Maggie (D:7)
  A yaktaur (shapeshifter) (D:13)
  3 efreet
  A tengu conjurer (D:14)
  4 trolls
  Grinder (D:5)
  3 hornets
  3 slime creatures (D:12)
  A wraith (D:10)
  2 wyverns
  A vampire (D:12)
  3 yaks (D:8)
  3 vampire mosquitoes
  Menkaure (D:5)
  4 wargs
  A water moccasin (D:5)
  A meliai simulacrum (D:14)
  31 orc warriors
  An ice beast (D:6)
  2 black bears (D:5)
  5 ogres
  14 centaurs
  2 phantoms (D:5)
  4 kobold brigands
  A necrophage (D:7)
  A scorpion (D:5)
  5 wights (D:8)
  2 killer bees (D:7)
  A human zombie (Ossuary)
  A jelly (D:7)
  5 hounds
  27 orc priests
  Crazy Yiuf (D:2)
  Natasha (thrice) (D:2)
  Terence (D:2)
  3 iguanas
  13 orc wizards
  2 mummies (Ossuary)
  5 gnolls
  5 adders
  A shadow imp (D:6)
  A white imp (D:5)
  An ufetubus (D:5)
  2 worms
  3 dart slugs
  71 orcs
  9 ball pythons
  6 endoplasms
  3 giant cockroaches
  2 goblins
  4 hobgoblins
  20 kobolds
  6 quokkas
  6 bats
  4 frilled lizards
  3 gnoll zombies (Ossuary)
  2 hobgoblin zombies (Ossuary)
  2 kobold zombies (Ossuary)
  2 rats
365 creatures vanquished.

Vanquished Creatures (collateral kills)
  2 orc high priests (Orc:2)
  A deep elf pyromancer (D:14)
  A manticore (D:12)
  An unseen horror (D:11)
  2 kobold demonologists (D:9)
  A troll (D:11)
  A red devil (Orc:2)
  A meliai (D:15)
  2 hornets
  A shadow (D:10)
  A wraith (D:14)
  A basilisk (D:14)
  A vampire mosquito (D:13)
  An acid dragon (D:8)
  13 orc warriors
  A centaur (D:14)
  A kobold brigand (D:8)
  A gnoll sergeant (D:10)
  4 killer bees
  6 orc priests
  2 orc wizards
  A gnoll (D:10)
  A shadow imp (D:7)
  15 orcs
  4 kobolds
66 creatures vanquished.

Vanquished Creatures (others)
  A centaur warrior (D:13)
  12 hexers
13 creatures vanquished.

Grand Total: 444 creatures vanquished

Notes
Turn   | Place    | Note
-------+----------+-------------------------------------------
     0 | D:1      | Leeroy the Tengu Warper began the quest for the Orb.
     0 | D:1      | Reached XP level 1. HP: 12/12 MP: 4/4
    94 | D:1      | Reached XP level 2. HP: 17/17 MP: 6/6
   108 | D:1      | Learned a level 2 spell: Blink
   428 | D:1      | Reached XP level 3. HP: 21/21 MP: 7/7
   664 | D:1      | Reached skill level 3 in Dodging
   708 | D:1      | Found The Oracle's Delphic Readings.
   961 | D:2      | Noticed Terence
   995 | D:2      | Killed Terence
   996 | D:2      | Reached skill level 4 in Dodging
   996 | D:2      | Reached XP level 4. HP: 15/26 MP: 8/8
  1062 | D:2      | Found a basalt altar of Yredelemnul.
  1088 | D:2      | Noticed Natasha
  1095 | D:2      | Killed Natasha
  1321 | D:2      | Found a runed translucent door.
  1322 | D:2      | Noticed Crazy Yiuf
  1422 | D:2      | Noticed Natasha
  1433 | D:2      | Killed Natasha
  1434 | D:2      | Reached skill level 5 in Dodging
  1434 | D:2      | Gained mutation: Your magical nature lets you fly swiftly
                  | and evasively. [Tengu growth]
  1434 | D:2      | Reached XP level 5. HP: 24/30 MP: 9/9
  1522 | D:2      | Noticed Natasha
  1527 | D:2      | Killed Natasha
  1753 | D:2      | Killed Crazy Yiuf
  2054 | D:3      | Found a faded altar of an unknown god.
  2578 | D:4      | Reached skill level 6 in Dodging
  2716 | D:4      | Found a staircase to the Ecumenical Temple.
  2757 | Temple   | Entered the Ecumenical Temple
  3110 | Temple   | Became a worshipper of Hepliaklqana the Forgotten
  3148 | D:4      | Reached XP level 6. HP: 35/35 MP: 10/10
  3678 | D:4      | Identified the +11 dagger of the Common Good {spect, Will+}
  3812 | D:5      | Entered Level 5 of the Dungeon
  3819 | D:5      | Noticed a black bear
  3821 | D:5      | Reached skill level 7 in Dodging
  3832 | D:5      | Killed a black bear
  3833 | D:5      | Reached XP level 7. HP: 21/40 MP: 11/11
  3949 | D:5      | Reached skill level 8 in Dodging
  4025 | D:5      | Reached skill level 9 in Dodging
  4178 | D:5      | Found a sand-covered staircase.
  4184 | Ossuary  | Entered an ossuary
  4248 | Ossuary  | Reached XP level 8. HP: 43/44 MP: 12/12
  4394 | D:5      | Noticed Grinder
  4398 | D:5      | Killed Grinder
  4399 | D:5      | Reached skill level 10 in Dodging
  4424 | D:5      | Noticed Menkaure
  4430 | D:5      | Killed Menkaure
  4471 | D:5      | Reached skill level 11 in Dodging
  4586 | D:5      | Reached * piety under Hepliaklqana
  5435 | D:7      | Reached skill level 12 in Dodging
  5435 | D:7      | Reached XP level 9. HP: 19/43 MP: 13/13
  5602 | D:7      | Noticed a hornet
  5608 | D:7      | Paralysed by a hornet for 1 turns
  5609 | D:7      | Killed a hornet
  5796 | D:7      | Reached ** piety under Hepliaklqana
  5797 | D:7      | Remembered your ancestor Rabi as a hexer
  5883 | D:7      | Reached skill level 13 in Dodging
  5930 | D:7      | Found Deafis Lesse's Tremendous Tomes.
  5963 | D:7      | Noticed Maggie
  5971 | D:7      | Killed Maggie
  6195 | D:8      | Noticed an efreet
  6203 | D:8      | Killed an efreet
  6204 | D:8      | Reached skill level 14 in Dodging
  6382 | D:8      | Reached XP level 10. HP: 28/47 MP: 14/14
  6794 | D:8      | Reached skill level 5 in Armour
  7002 | D:8      | Reached skill level 15 in Dodging
  7532 | D:9      | Noticed Maurice
  7537 | D:9      | Killed Maurice
  7578 | D:9      | Noticed a kobold demonologist
  7578 | D:9      | Noticed a kobold demonologist
  7590 | D:9      | Killed a kobold demonologist
  7598 | D:9      | Killed a kobold demonologist
  7599 | D:9      | Reached skill level 5 in Fighting
  7671 | D:9      | Found Linud's Book Shop.
  7917 | D:9      | Found a broken altar of Ashenzari.
  7976 | D:9      | Reached *** piety under Hepliaklqana
  8082 | D:10     | Entered Level 10 of the Dungeon
  8183 | D:10     | Reached XP level 11. HP: 31/57 MP: 15/15
  8328 | D:10     | Learned a level 3 spell: Vhi's Electric Charge
  8333 | D:10     | Learned a level 4 spell: Manifold Assault
  8337 | D:10     | Learned a level 3 spell: Teleport Other
  9206 | D:10     | Found a staircase to the Orcish Mines.
  9394 | D:11     | Noticed a cyclops
  9410 | D:11     | Killed a cyclops
  9472 | D:11     | Found a staircase to the Lair.
  9478 | D:11     | Noticed an oklob plant
  9509 | D:11     | Noticed a boulder beetle
  9836 | D:11     | Killed a boulder beetle
 10104 | D:12     | Noticed a boulder beetle
 10137 | D:12     | Killed a boulder beetle
 10272 | D:12     | Reached **** piety under Hepliaklqana
 10314 | D:12     | Noticed a deep elf pyromancer
 10324 | D:12     | Killed a deep elf pyromancer
 10551 | D:12     | Reached skill level 5 in Long Blades
 10583 | D:12     | Noticed a manticore
 10590 | D:12     | Killed a manticore
 10591 | D:12     | Reached skill level 5 in Stealth
 10749 | D:12     | Noticed a manticore
 10756 | D:12     | Killed a manticore
 10757 | D:12     | Reached XP level 12. HP: 61/68 MP: 16/16
 10889 | D:13     | Noticed a two-headed ogre
 10899 | D:13     | Killed a two-headed ogre
 11009 | D:13     | Found Efoqun's Antique Armour Boutique.
 11024 | D:13     | Bought a steaming robe for 96 gold pieces
 11024 | D:13     | Identified the +2 robe of Agoraphobia {Fly Str-3 Int+4
                  | Dex+3} (You bought it in a shop on level 13 of the Dungeon)
 11311 | D:13     | Noticed a boulder beetle
 11324 | D:13     | Killed a boulder beetle
 11716 | D:13     | Noticed a centaur warrior
 11726 | D:13     | Killed a centaur warrior
 11855 | D:14     | Noticed a centaur warrior
 11862 | D:14     | Killed a centaur warrior
 11978 | D:14     | Reached ***** piety under Hepliaklqana
 12065 | D:14     | Noticed an iron troll
 12083 | D:14     | Noticed a six-headed hydra
 12085 | D:14     | Found Wetteit's Antique Armour Boutique.
 12092 | D:14     | Killed a six-headed hydra
 12185 | D:14     | Bought a glowing scarf for 272 gold pieces
 12197 | D:14     | Bought a glowing orb for 408 gold pieces
 12237 | D:14     | Noticed a centaur warrior
 12237 | D:14     | Noticed a boulder beetle
 12237 | D:14     | Noticed a boulder beetle
 12252 | D:14     | Found Xympuliz's Weapon Shoppe.
 12291 | D:14     | Found Eluops's Assorted Antiques.
 12542 | D:14     | Killed a boulder beetle
 12588 | D:14     | Noticed a centaur warrior
 12602 | D:14     | Killed a centaur warrior
 12658 | D:14     | Noticed a centaur warrior
 12671 | D:14     | Killed a centaur warrior
 13051 | Orc:1    | Entered Level 1 of the Orcish Mines
 13051 | Orc:1    | Noticed a two-headed ogre
 13058 | Orc:1    | Killed a two-headed ogre
 13059 | Orc:1    | Reached skill level 5 in Spellcasting
 13068 | Orc:1    | Reached XP level 13. HP: 56/72 MP: 19/21
 13081 | Orc:1    | Noticed Urug
 13091 | Orc:1    | Killed Urug
 13581 | Orc:2    | Entered Level 2 of the Orcish Mines
 13581 | Orc:2    | Found a staircase to the Elven Halls.
 14086 | Orc:2    | Found Hasa's Armour Shop.
 14597 | Orc:2    | Found Tytacsag's General Store.
 14599 | Orc:2    | Found Vunotseq's General Store.
 16050 | Orc:2    | Reached skill level 10 in Fighting
 16065 | Orc:2    | Reached skill level 10 in Long Blades
 16072 | Orc:2    | HP: 3/73 [orc high priest/+0 short sword (9)]
 16875 | Orc:2    | Found Vecegi's Antique Weapon Shop.
 16875 | Orc:2    | Found Yvoys's Jewellery Boutique.
 16876 | Orc:2    | Found a one-way gate leading to the halls of Pandemonium.
 17012 | Orc:1    | Noticed Fannar
 17021 | Orc:1    | Killed Fannar
 17022 | Orc:1    | Reached XP level 14. HP: 79/79 MP: 27/27
 17435 | D:14     | Identified the +8 scale mail of Circular Logic {Rampage
                  | *Slow Dex+3}
 18096 | D:15     | Entered Level 15 of the Dungeon
 18212 | D:15     | Found a staircase to the Depths.
 18212 | D:15     | Noticed a fire giant
 18294 | D:15     | Killed from afar by a meliai

Illustrated notes

Levels and vault maps discovered:
D:1:      lemuel_arrival_behind_the_door_large, layout_loops_ring,
          kennysheep_pointless_box, nicolae_nh_oracle_at_delphi
D:2:      layout_loops_cross, basic_altar, hex_medium, uniq_terence,
          uniq_natasha, uniq_crazy_yiuf_cottage
D:3:      layout_loops_ring, nicolae_ecumenical_oubliette,
          kennysheep_generic_room_9
D:4:      layout_loops_cross, temple_doors_e
D:5:      layout_cave_pools, nicolae_ossuary_entry_plus, uniq_grinder,
          uniq_menkaure
D:6:      layout_loops_cross
D:7:      layout_cave_pools, nicolae_shop_i_like_big_books, uniq_maggie
D:8:      layout_basic, amcnicky_mini_rare_corridor_liquid
D:9:      layout_basic, mainiacjoe_overflow_24_doors, serial_shops,
          nicolae_take_the_stairs, serial_curves, eino_curves_02,
          eino_curves_02, hellmonk_bongcloud_opening, uniq_maurice
D:10:     layout_loops_corners, erik_orc_2
D:11:     layout_big_octagon, dpeg_oklobed_lair, serial_park,
          serial_park_avenue1, serial_park_avenue1, serial_park_tiny_1
D:12:     layout_cave_pools, minmay_tree_intersection
D:13:     layout_grid_maze, serial_shops, nicolae_diamond_shop
D:14:     layout_irregular_city, david_vaults_4, serial_shops, shop,
          nicolae_shop_behind_doors, nicolae_shop_bloodbath_and_beyond,
          hangedman_glass_teeth, kennysheep_kite_vault
D:15:     grunt_enter_depths_giant_problem, layout_rooms, minmay_crystal_room
Temple:   mainiacjoe_temple_circle_huts
Orc:1:    nicolae_orc_accident_1, layout_diamond_mine, uniq_fannar, uniq_urug
Orc:2:    pf_orc_diabolical, layout_caves, serial_shops, shop

Skill      XL: |  1  2  3  4  5  6  7  8  9 10 11 12 13 14 |
---------------+-------------------------------------------+-----
Long Blades    | 3 5 8 11 | 11.9
Dodging        | 4 5 6 7 9 12 14 15 | 15.2
Armour         | 3 6 |  6.3
Fighting       | 5 9 10 11 | 11.1
Stealth        | 5 9 |  9.0
Spellcasting   | 5 8 |  8.0
Axes           | |  0.2
Maces & Flails | |  0.4
Polearms       | |  0.2
Ranged Weapons | |  0.5
Throwing       | |  1.0
Shields        | |  0.4
Conjurations   | |  0.4
Hexes          | |  0.1
Summonings     | |  0.2
Necromancy     | |  0.1
Translocations | |  2.4
Transmutations | |  0.1
Fire Magic     | |  0.1
Ice Magic      | |  0.5
Poison Magic   | |  0.1

Action                   |  1- 3 |  4- 6 |  7- 9 | 10-12 | 13-15 || total
-------------------------+-------+-------+-------+-------+-------++-------
Melee: Falchion          |    14 |       |       |       |       ||    14
       Peck              |     9 |    26 |    30 |    90 |   103 ||   258
       Kick              |    11 |    33 |    51 |   129 |   143 ||   367
       Short sword       |    32 |   117 |    48 |       |       ||   197
       Unarmed           |       |     4 |       |       |       ||     4
       Dagger            |       |       |    92 |   358 |   367 ||   817
       Punch             |       |       |     1 |     9 |    10 ||    20
Throw: Boomerang         |       |     2 |       |    10 |    17 ||    29
       Dart              |       |       |       |     9 |       ||     9
 Cast: Blink             |       |       |     1 |     5 |     2 ||     8
       Vhi's Electric Ch |       |       |       |     2 |     1 ||     3
       Teleport Other    |       |       |       |       |     1 ||     1
Invok: Recall Ancestor   |       |       |     4 |    10 |     9 ||    23
       Ancestor Life: He |       |       |     1 |       |       ||     1
Evoke: Wand              |       |       |       |    10 |     8 ||    18
  Use: Scroll            |       |       |     8 |    11 |     9 ||    28
       Potion            |       |       |       |       |    11 ||    11
 Stab: Sleeping          |     1 |     1 |       |     1 |     1 ||     4
       Distracted        |       |       |     4 |    12 |    12 ||    28
       Confused          |       |       |     1 |    13 |     6 ||    20
       Invisible         |       |       |       |     1 |       ||     1
       Paralysed         |       |       |       |       |     2 ||     2
Armor: Leather armour    |    10 |     8 |    14 |       |       ||    32
       Scale mail        |       |     4 |       |       |       ||     4
       Skin              |       |     3 |       |       |       ||     3
       Swamp dragon scal |       |       |       |    55 |    26 ||    81
Dodge: Dodged            |    21 |    90 |   101 |   346 |   277 ||   835

Table legend: (Time is in decaauts)
 A = Elapsed time spent in this place.
 B = Non-inter-level travel time spent in this place.
 C = Inter-level travel time spent in this place.
 D = Time resting spent in this place.
 E = Time spent auto-exploring this place.
 F = Levels seen in this place.
 G = Mean time per level.
                   A        B        C        D        E       F      G
               +--------+--------+--------+--------+--------+-----+--------+
         Total |  17179 |  16341 |    838 |   3042 |  10120 |  19 |  904.2 |
       Dungeon |  12692 |  12097 |    595 |   1195 |   8581 |  15 |  846.1 |
        Temple |    334 |    257 |     77 |      0 |    230 |   1 |  334.0 |
  Orcish Mines |   3962 |   3797 |    165 |   1846 |   1204 |   2 | 1981.0 |
       Ossuary |    190 |    190 |      0 |      0 |    103 |   1 |  190.0 |
               +--------+--------+--------+--------+--------+-----+--------+

Top non-repeatable levels by time:
   Orc:2: 2630 daAuts
    D:14: 1672 daAuts
    D:10: 1409 daAuts
   Orc:1: 1331 daAuts
    D:13: 1053 daAuts
     D:2: 1026 daAuts
     D:8: 965 daAuts
     D:1: 864 daAuts
     D:9: 840 daAuts
     D:4: 810 daAuts
     D:7: 793 daAuts
     D:5: 700 daAuts
    D:12: 671 daAuts
     D:3: 581 daAuts
    D:11: 562 daAuts
